 Dungeon Crawl Stone Soup version 0.18.1-48-g4cf74bf (console) character file.

5168 Kloppie the Spear-Bearer (level 10, -2/118 HPs)
             Began as a Demonspawn Berserker on Aug 17, 2016.
             Was a High Priest of Trog.
             Slain by a wyvern skeleton (7 damage)
             ... on level 10 of the Dungeon.
             The game lasted 00:15:54 (8086 turns).

Kloppie the Spear-Bearer (Demonspawn Berserker)     Turns: 8086, Time: 00:15:54

Health: -2/118     AC: 13    Str: 22    XL:     10   Next: 34%
Magic:  10/10      EV: 13    Int:  9    God:    Trog [*****.]
Gold:   486        SH:  0    Dex: 16    Spells: 0 memorised, 9 levels left

rFire  . . .     SeeInvis .     a - +0 trident
rCold  + . .     Gourm    .     H - +3 robe of Clouds {+Fly rElec}
rNeg   . . .     Faith    .     (no shield)
rPois  +         Spirit   .     y - +0 helmet
rElec  +         Dismiss  .     (no cloak)
rCorr  .         Reflect  .     (no gloves)
SustAt .         Harm     .     (no boots)
MR     .....                    p - amulet of rage
Stlth  ..........               b - ring of poison resistance
                                k - +3 ring of protection

@: berserking, very quick, not resistant to hostile enchantments, extremely
unstealthy
A: talons 1, iridescent scales 1, cold resistance 1, spiny 1
a: Berserk, Trog's Hand, Brothers in Arms, Burn Spellbooks, Renounce Religion,
Evoke Berserk Rage, Evoke Flight


You were on level 10 of the Dungeon.
You worshipped Trog.
Trog was extremely pleased with you.
You were not hungry.

You visited 1 branch of the dungeon, and saw 10 of its levels.
You also visited: Ossuary.

You collected 486 gold pieces.

Inventory:

Hand Weapons
 a - a +0 trident (weapon)
 j - a +2 glaive of freezing
 J - a +4 halberd
Armour
 t - a +0 plate armour
 y - a +0 helmet (worn)
 H - the +3 robe of Clouds (worn) {+Fly rElec}
   (You found it on level 8 of the Dungeon)

   It insulates you from electricity.
   It lets you fly.
Jewellery
 b - a ring of poison resistance (right hand)
 k - a +3 ring of protection (left hand)
 p - an amulet of rage (around neck)
 E - an uncursed ring of sustain attributes
 L - an uncursed ring of protection from magic
Wands
 d - a wand of flame (15/48)
 m - a wand of digging (16/24)
 v - a wand of disintegration (9/24)
 x - a wand of slowing (21/48)
 D - a wand of confusion (27/48)
 M - a wand of iceblast (12/15)
Scrolls
 g - 5 scrolls of teleportation
 h - 6 scrolls of remove curse
 n - 7 scrolls of noise
 K - a scroll of magic mapping
 R - a scroll of fog
Potions
 e - a potion of magic
 i - 5 potions of curing
 l - 5 potions of heal wounds
 o - a potion of degeneration {unknown}
 r - 3 potions of agility
 u - 2 potions of haste
 z - 3 potions of flight {unknown}
 C - a potion of resistance {unknown}
 F - 2 potions of ambrosia {unknown}
 G - 2 potions of lignification {unknown}
 I - a potion of cure mutation {unknown}
 O - a potion of might {unknown}
Books
 w - a book of Frost

   Spells                             Type                      Level
   a - Freeze                         Ice                          1
   b - Throw Frost                    Conjuration/Ice              2
   c - Ozocubu's Armour               Charms/Ice                   3
   d - Throw Icicle                   Conjuration/Ice              4
   e - Summon Ice Beast               Ice/Summoning                4
   Trog disapproves of the use of such an item.
 A - a book of Beasts

   Spells                             Type                      Level
   a - Summon Butterflies             Summoning                    1
   b - Call Canine Familiar           Summoning                    3
   c - Summon Ice Beast               Ice/Summoning                4
   d - Summon Mana Viper              Hexes/Summoning              5
   e - Summon Hydra                   Summoning                    7
   Trog disapproves of the use of such an item.
 N - a book of Battle

   Spells                             Type                      Level
   a - Infusion                       Charms                       1
   b - Shroud of Golubria             Charms/Translocation         2
   c - Song of Slaying                Charms                       2
   d - Spectral Weapon                Hexes/Charms                 3
   e - Regeneration                   Charms/Necromancy            3
   Trog disapproves of the use of such an item.
Comestibles
 c - 7 bread rations
 f - 5 meat rations
 q - 5 beef jerkies
 s - 2 royal jellies
 B - 10 fruits
 P - 3 chunks of flesh
 Q - 8 slices of pizza


   Skills:
 - Level 7.4 Fighting
 + Level 10.5 Polearms
 - Level 7.2 Armour
 + Level 3.0 Dodging


You had 9 spell levels left.
You didn't know any spells.

Dungeon Overview and Level Annotations

Branches:
Dungeon (10/15)            Temple (0/1) D:4
   Lair: D:8-11         Orc: D:9-12

Altars:
Ashenzari
Dithmenos
Elyvilon
Fedhas
Kikubaaqudgha
Makhleb
Nemelex Xobeh
Okawaru
Pakellas
Ru
Vehumet
Yredelemnul
Zin

Shops:
D:6 (   D:7 (


Innate Abilities, Weirdness & Mutations

You have sharp toenails.
You are partially covered in iridescent scales (AC +4).
Your flesh is cold resistant.
You are partially covered in sharp spines.


Message History

The hill giant hits you with a giant club!!
* * * LOW HITPOINT WARNING * * *
You are too injured to fight recklessly!
You are too injured to fight recklessly!
A red film seems to cover your vision as you go berserk!
You feel yourself moving faster!
You feel mighty!
You feel somewhat more hungry. The wyvern skeleton barely misses you.
You barely miss the hill giant. Your kick misses the hill giant.
The hill giant is moderately wounded.
The hill giant hits you with a giant club!!
* * * LOW HITPOINT WARNING * * *
You puncture the hill giant! You claw the hill giant.
The hill giant is heavily wounded.
The wyvern skeleton is struck by your spines.
The wyvern skeleton bites you.
* * * LOW HITPOINT WARNING * * *
You puncture the hill giant! You claw the hill giant.
The hill giant is severely wounded.
The wyvern skeleton bites you!
You die...

#......#
#.####.#
#.# ##.## #
##...##
#.##.....##
#....§....#
####..§..##
##§@.##
#ZC## .§.§.
...#..#.
##.##..#.#
... ...# #
### #..#
#..#


You could see a hill giant and a wyvern skeleton.

Vanquished Creatures
  Pikel (D:4)
  A two-headed ogre (D:8)
  Grinder (D:4)
  Sigmund (D:3)
  2 water moccasins
  3 orc warriors
  An ice beast (D:9)
  A sky beast (D:7)
  A slave (D:4)
  7 ogres
  6 centaurs
  3 elf zombies (Ossuary)
  2 giant frogs (D:7)
  A wyvern zombie (D:8)
  A gnoll sergeant (D:7)
  An electric eel (D:6)
  2 centaur zombies
  6 crimson imps
  2 giant frog zombies
  8 hounds
  2 orc priests
  2 gnoll shamans
  A centaur skeleton (D:7)
  2 giant frog skeletons (D:5)
  3 jellies
  5 iguanas
  7 worker ants
  5 orc wizards
  A killer bee zombie (D:5)
  2 big kobold zombies (Ossuary)
  3 hound zombies
  A hound skeleton (D:5)
  2 mummies (Ossuary)
  Robin (D:4)
  2 worker ant zombies (D:5)
  20 gnolls
  6 adders
  3 shadow imps
  2 oozes
  2 adder zombies
  6 worms
  2 adder skeletons (D:5)
  A dart slug (D:1)
  4 giant geckos
  23 orcs
  A ball python (D:6)
  7 bats
  6 giant cockroaches
  19 goblins
  5 hobgoblins
  12 jackals
  5 quokkas
  A giant cockroach zombie (D:5)
  A giant gecko skeleton (D:5)
  7 giant newts
  7 hobgoblin zombies (Ossuary)
  2 jackal skeletons
  A jackal zombie (D:5)
  7 kobolds
  15 kobold zombies (Ossuary)
  7 orc zombies (Ossuary)
  A quokka skeleton (D:9)
  4 quokka zombies
  3 rats
  3 rat zombies
273 creatures vanquished.

Vanquished Creatures (others)
  A giant cockroach (D:4)
1 creature vanquished.

Grand Total: 274 creatures vanquished

Notes
Turn   | Place    | Note
--------------------------------------------------------------
     0 | D:1      | Kloppie the Demonspawn Berserker began the quest for the Orb.
     0 | D:1      | Reached XP level 1. HP: 18/18 MP: 1/1
   341 | D:1      | Reached skill level 3 in Polearms
   341 | D:1      | Gained mutation: You have sharp toenails. [demonic ancestry]
   341 | D:1      | Reached XP level 2. HP: 21/24 MP: 2/2
   922 | D:2      | Gained mutation: You are partially covered in iridescent scales (AC +4). [demonic ancestry]
   922 | D:2      | Reached XP level 3. HP: 21/29 MP: 3/3
  1081 | D:2      | Found a shadowy altar of Dithmenos.
  1088 | D:2      | Reached ** piety under Trog
  1321 | D:2      | Found a burning altar of Makhleb.
  1791 | D:3      | Reached XP level 4. HP: 17/37 MP: 4/4
  2554 | D:3      | Noticed Sigmund
  2569 | D:3      | Killed Sigmund
  2569 | D:3      | Reached skill level 5 in Fighting
  2569 | D:3      | Reached skill level 4 in Polearms
  2569 | D:3      | Reached XP level 5. HP: 44/44 MP: 5/5
  3150 | D:4      | Found a staircase to the Ecumenical Temple.
  3160 | D:4      | Noticed Robin
  3162 | D:4      | Reached XP level 6. HP: 49/51 MP: 6/6
  3188 | D:4      | Reached skill level 5 in Polearms
  3194 | D:4      | Killed Robin
  3196 | D:4      | Reached *** piety under Trog
  3279 | D:4      | Noticed Grinder
  3315 | D:4      | Paralysed by Grinder for 4 turns
  3347 | D:4      | Killed Grinder
  3347 | D:4      | Reached XP level 7. HP: 30/58 MP: 7/7
  3428 | D:4      | Found a sacrificial altar of Ru.
  3428 | D:4      | Found a shattered altar of Ashenzari.
  3429 | D:4      | Found a blossoming altar of Fedhas.
  3463 | D:4      | Noticed Pikel
  3477 | D:4      | Killed Pikel
  3477 | D:4      | Reached skill level 6 in Polearms
  3477 | D:4      | Gained mutation: You are partially covered in sharp spines. [demonic ancestry]
  3477 | D:4      | Reached XP level 8. HP: 67/67 MP: 8/8
  3622 | D:4      | Found a sparkling altar of Nemelex Xobeh.
  3638 | D:4      | Found a sand-covered staircase.
  3645 | Ossuary  | Entered an ossuary
  3805 | Ossuary  | Reached skill level 7 in Polearms
  4010 | D:5      | Entered Level 5 of the Dungeon
  4135 | D:5      | Found an ancient bone altar of Kikubaaqudgha.
  4430 | D:5      | Found a radiant altar of Vehumet.
  4538 | D:5      | Reached skill level 8 in Polearms
  4680 | D:5      | Reached XP level 9. HP: 55/72 MP: 9/9
  4940 | D:6      | Found an oddly glowing altar of Pakellas.
  5049 | D:6      | Reached **** piety under Trog
  5274 | D:6      | Found Adwuyp's Antique Weapon Boutique.
  5449 | D:6      | Reached skill level 5 in Armour
  5897 | D:7      | Reached skill level 9 in Polearms
  6054 | D:7      | Found Efaudgh's Antique Weapon Shoppe.
  6132 | D:7      | Found a sparkling altar of Nemelex Xobeh.
  6211 | D:7      | Reached ***** piety under Trog
  6315 | D:7      | Found a white marble altar of Elyvilon.
  6385 | D:7      | Found a basalt altar of Yredelemnul.
  6723 | D:8      | Gained mutation: Your flesh is cold resistant. [demonic ancestry]
  6723 | D:8      | Reached XP level 10. HP: 70/79 MP: 10/10
  6747 | D:8      | Reached skill level 10 in Polearms
  6777 | D:8      | Identified 2 scrolls of acquirement
  7755 | D:9      | Found a glowing silver altar of Zin.
  7755 | D:9      | Noticed an angel
  7821 | D:9      | Found an iron altar of Okawaru.
  8064 | D:10     | Entered Level 10 of the Dungeon
  8075 | D:10     | Noticed a hill giant
  8085 | D:10     | HP: 5/118 [wyvern skeleton (4)]
  8086 | D:10     | Slain by a wyvern skeleton

Skill      XL: |  1  2  3  4  5  6  7  8  9 10 |
---------------+-------------------------------+-----
Polearms       | 3 4 5 6 8 9 10 | 10.5
Fighting       | 4 5 6 7 |  7.4
Armour         | 4 7 |  7.2
Dodging        | 3 |  3.0

Action                   |  1- 3 |  4- 6 |  7- 9 | 10-12 || total
-------------------------+-------+-------+-------+-------++-------
Melee: Spear             |   161 |   201 |   508 |       ||   870
       Kick              |    26 |    56 |   231 |    45 ||   358
       Trident           |       |       |   184 |   138 ||   322
Invok: Berserk           |     4 |     3 |     3 |     1 ||    11
       Trog's Hand       |       |     4 |     2 |       ||     6
  Use: Potion            |     1 |       |       |       ||     1
       Scroll            |       |    12 |     1 |     3 ||    16
 Stab: Sleeping          |     4 |       |       |     1 ||     5
       Distracted        |     1 |       |       |       ||     1
  Eat: Chunk             |     6 |     8 |    15 |     5 ||    34
       Pizza             |       |     1 |       |       ||     1
Armor: Animal skin       |    22 |       |       |       ||    22
       Ring mail         |     2 |     1 |       |       ||     3
       Plate armour      |       |   128 |   288 |    15 ||   431
       Robe              |       |       |       |    19 ||    19
Dodge: Dodged            |    85 |    42 |   131 |    44 ||   302
